 Dungeon Crawl Stone Soup version 0.20.0-15-g7f486f2 (webtiles) character file.

417 Hasart the Shield-Bearer (level 7, -5/55 HPs)
             Began as a Formicid Fighter on June 10, 2017.
             Killed from afar by an orc wizard (7 damage)
             ... with a magic dart
             ... on level 4 of the Dungeon.
             The game lasted 00:07:47 (3552 turns).

Hasart the Shield-Bearer (Formicid Fighter)         Turns: 3552, Time: 00:07:48

Health: -5/55      AC:  7    Str: 33    XL:     7   Next: 15%
Magic:  7/7        EV:  8    Int:  3    God:
Gold:   89         SH: 16    Dex: 10    Spells: 6/6 levels left

rFire    . . .     SeeInvis +   a - +0 war axe
rCold    . . .     Gourm    .   w - +5 shield of the Heavens {Str+9 Int-5}
rNeg     . . .     Faith    .   b - +0 scale mail
rPois    +         Spirit   .   (helmet unavailable)
rElec    .         Reflect  .   (no cloak)
rCorr    .         Harm     .   (no gloves)
MR       .....                  (no boots)
Stlth    ..........             (no amulet)
Regen    0.2/turn               g - ring of flight
MPRegen  0.1/turn               s - ring of Prescription {rPois Str+2}

@: lethally poisoned (-5 -> -8)
A: permanent stasis, dig shafts and tunnels, four strong arms, antennae 3
a: Dig, Shaft Self, Evoke Flight


You were on level 4 of the Dungeon.
You were not hungry.

You visited 1 branch of the dungeon, and saw 4 of its levels.

You collected 89 gold pieces.

Inventory:

Hand Weapons
 a - a +0 war axe (weapon)
Missiles
 h - 6 javelins (quivered)
Armour
 b - a +0 scale mail (worn)
 c - a +0 shield
 w - the +5 shield of the Heavens (worn) {Str+9 Int-5}
   (You found it on level 4 of the Dungeon)

   It affects your strength (+9).
   It affects your intelligence (-5).
Jewellery
 g - a ring of flight (left hand)
 s - the ring of Prescription (right hand) {rPois Str+2}
   (You found it on level 4 of the Dungeon)

   [ring of poison resistance]

   It affects your strength (+2).
   It protects you from poison.
Wands
 u - a wand of paralysis (10/24)
Scrolls
 i - a scroll of enchant armour {unknown}
 k - 4 scrolls of identify {unknown}
 l - 4 scrolls of remove curse {unknown}
 m - a scroll of blinking {unknown}
 n - 3 scrolls of recharging {unknown}
 o - 2 scrolls of teleportation {unknown}
 p - 2 scrolls of fog {unknown}
 t - a scroll of random uselessness {unknown}
 v - a scroll of amnesia {unknown}
Potions
 d - 2 potions of might
 e - a potion of cancellation
 q - a potion of heal wounds {unknown}
 r - a potion of invisibility {unknown}
 x - a potion of curing {unknown}
Comestibles
 f - 9 bread rations
 j - a fruit


   Skills:
 + Level 4.5 Fighting
 * Level 5.0 Axes
 + Level 4.5 Armour
 + Level 5.0 Shields


You had 6 spell levels left.
You didn't know any spells.

Dungeon Overview and Level Annotations

Branches:
Dungeon (4/15)
 Temple: D:4-7

Altars:
Kikubaaqudgha
Xom
The Shining One


Innate Abilities, Weirdness & Mutations

You cannot be hasted, slowed, berserked, paralysed or teleported.
You can dig through walls and to a lower floor.
Your four strong arms can wield two-handed weapons with a shield.
You have a pair of large antennae on your head. (SInv)


Message History

The magic dart hits you!
The orc wizard gestures at you while chanting.
You easily resist.
You barely miss the orc wizard.
The orc wizard is severely wounded.
You feel sick. The orc wizard casts a spell at you.
You easily resist.
The orc wizard hits you with a dagger.
* * * LOW HITPOINT WARNING * * *
You closely miss the orc wizard.
The orc wizard is severely wounded.
You feel sick.
The orc wizard hits you but does no damage.
The orc wizard casts a spell at you. The magic dart hits you!
* * * LOW HITPOINT WARNING * * *
It was a potion of cancellation.
You feel magically purged. The orc wizard casts a spell at you.
The magic dart hits you!
You die...

#. #.# #.# #.# #.# ###
..#####.#######...## ##
#.#......).........# .#
#.........†.@o.≈...# .#
........#))..≈≈≈...# .#
#.......##..≈≈≈≈..## .#
#.......##...≈≈≈..# .#
#.......#..≈≈≈≈≈≈.#
.####.......#.≈..?....#
.##......##.#._.....⌠.#
.##......#..#....##..$#
.##......#..#####


You could see an orc wizard.

Vanquished Creatures
  Blork the orc (D:4)
  The ghost of Vajrapani the Sneak, an amateur SpNe (D:4)
  Natasha (twice) (D:4)
  Ijyb (D:4)
  2 worker ants (D:4)
  3 gnolls (D:3)
  4 adders
  An ooze (D:3)
  3 adder skeletons (D:4)
  4 worms
  2 dart slugs (D:2)
  2 leopard geckos
  3 orcs (D:4)
  A giant cockroach (D:3)
  8 goblins
  11 hobgoblins
  9 jackals
  3 kobolds
  3 ball pythons
  7 bats
  4 frilled lizards
  7 rats
82 creatures vanquished.

Notes
Turn   | Place    | Note
-------+----------+-------------------------------------------
     0 | D:1      | Hasart the Formicid Fighter began the quest for the Orb.
     0 | D:1      | Reached XP level 1. HP: 18/18 MP: 1/1
   229 | D:1      | Reached XP level 2. HP: 24/24 MP: 2/2
   446 | D:1      | Reached XP level 3. HP: 28/29 MP: 3/3
   980 | D:2      | Reached XP level 4. HP: 20/37 MP: 4/4
  1428 | D:2      | Found a shattered altar of Ashenzari.
  1430 | D:2      | Found a shimmering altar of Xom.
  1430 | D:2      | Found a stormy altar of Qazlal.
  1437 | D:2      | Found a hide-covered altar of Uskayaw.
  1437 | D:2      | Found a shimmering altar of Xom.
  1437 | D:2      | Found a deep blue altar of Sif Muna.
  1911 | D:3      | Found a glowing golden altar of the Shining One.
  2121 | D:3      | Reached XP level 5. HP: 32/42 MP: 5/5
  2765 | D:4      | Noticed Blork the orc
  2773 | D:4      | Killed Blork the orc
  2773 | D:4      | Reached XP level 6. HP: 27/48 MP: 6/6
  3012 | D:4      | Noticed Ijyb
  3019 | D:4      | Killed Ijyb
  3068 | D:4      | Got a scorched shield
  3079 | D:4      | Identified the +5 shield of the Heavens {Str+9 Int-5} (You found it on level 4 of the Dungeon)
  3088 | D:4      | Noticed Vajrapani's ghost (amateur SpNe)
  3108 | D:4      | Killed Vajrapani's ghost
  3425 | D:4      | Noticed Natasha
  3436 | D:4      | Killed Natasha
  3462 | D:4      | Noticed Natasha
  3472 | D:4      | Killed Natasha
  3472 | D:4      | Reached skill level 5 in Shields
  3472 | D:4      | Reached XP level 7. HP: 44/55 MP: 7/7
  3488 | D:4      | Got a transparent silver ring
  3500 | D:4      | Identified the ring of Prescription {rPois Str+2} (You found it on level 4 of the Dungeon)
  3533 | D:4      | Found an ancient bone altar of Kikubaaqudgha.
  3536 | D:4      | Reached skill level 5 in Axes
  3551 | D:4      | HP: 2/55 [orc wizard/magic dart (4)]
  3552 | D:4      | Killed from afar by an orc wizard

Skill      XL: |  1  2  3  4  5  6  7 |
---------------+----------------------+-----
Axes           | 3 4 5 |  5.0
Shields        | 4 5 |  5.0
Armour         | 4 |  4.5
Fighting       | 4 |  4.5

Action                   |  1- 3 |  4- 6 |  7- 9 || total
-------------------------+-------+-------+-------++-------
Melee: War axe           |   100 |   130 |    26 ||   256
  Use: Potion            |       |     1 |     1 ||     2
  Eat: Chunk             |       |     8 |     1 ||     9
Armor: Scale mail        |    38 |    36 |     8 ||    82
Dodge: Dodged            |    32 |    32 |     6 ||    70
Block: Shield            |    44 |    74 |    24 ||   142
